 Dungeon Crawl Stone Soup version 0.26.0-10-g1f06aea511 (webtiles) character file.

Game seed: 14698136161576235742

2286 EnegeticOcto the Frost Mage (level 9, 0/59 HPs)
             Began as a Formicid Ice Elementalist on Jan 21, 2021.
             Was a Follower of Vehumet.
             Hit by a stone thrown by an orc warrior (5 damage)
             ... on level 7 of the Dungeon.
             The game lasted 00:18:50 (2842 turns).

EnegeticOcto the Frost Mage (FoIE)                  Turns: 2842, Time: 00:18:51

Health: 0/59       AC:  4    Str: 13    XL:     9   Next: 66%
Magic:  2/15       EV: 12    Int: 18    God:    Vehumet [*.....]
Gold:   496        SH:  0    Dex: 11    Spells: 4/16 levels left

rFire    . . .     SeeInvis +   a - +0 scythe
rCold    . . .     Faith    .   (no shield)
rNeg     + . .     Spirit   .   p - +0 robe
rPois    .         Reflect  .   (helmet unavailable)
rElec    .         Harm     .   (no cloak)
rCorr    .         Rampage  .   g - +0 pair of gloves (curse)
Will     .....                  d - +0 pair of boots
Stlth    ++........             (no amulet)
HPRegen  0.19/turn              i - ring of positive energy
MPRegen  0.14/turn              (no ring)

@: no status effects
A: permanent stasis, dig shafts and tunnels, four strong arms, antennae 3
a: Dig, Shaft Self, Renounce Religion


You were on level 7 of the Dungeon.
You worshipped Vehumet.
Vehumet was aware of your devotion.
You visited 2 branches of the dungeon, and saw 8 of its levels.

You collected 496 gold pieces.

Inventory:

Hand Weapons
 a - a +0 scythe (weapon)
   (You took it off Sigmund on level 3 of the Dungeon)
 b - a +0 dagger
   (You took it off a kobold on level 1 of the Dungeon)
 e - a +3 dagger
   (You took it off a goblin on level 1 of the Dungeon)
 l - a +2 hand axe of freezing
   (You took it off an orc on level 3 of the Dungeon)
 y - a +2 battleaxe of venom
   (You found it on level 6 of the Dungeon)
Armour
 d - a +0 pair of boots (worn)
   (You found it on level 1 of the Dungeon)
 g - a cursed +0 pair of gloves (worn)
   (You found it on level 2 of the Dungeon)
 p - a +0 robe (worn)
Jewellery
 i - a ring of positive energy (left hand)
   (You found it on level 2 of the Dungeon)
Wands
 r - a wand of polymorph (8)
   (You found it on level 4 of the Dungeon)
Scrolls
 c - 2 scrolls of magic mapping {unknown}
 f - a scroll of fog {unknown}
 j - 6 scrolls of teleportation {unknown}
 k - 2 scrolls of fear {unknown}
 m - 2 scrolls of enchant weapon {unknown}
 n - 3 scrolls of identify {unknown}
 o - 2 scrolls of noise {unknown}
 s - a scroll of amnesia {unknown}
 t - a scroll of remove curse {unknown}
 u - a scroll of blinking {unknown}
 v - a scroll of enchant armour {unknown}
Potions
 h - 2 potions of lignification {@q6}
 q - a potion of flight {unknown}
 w - a potion of resistance {unknown}
 x - a potion of mutation {unknown}
 z - a potion of degeneration {unknown}


   Skills:
 + Level 1.1 Fighting
 - Level 1.7 Dodging
 - Level 2.4 Stealth
 + Level 4.2 Spellcasting
 + Level 0.9 Conjurations
 - Level 7.0 Summonings
 - Level 10.0 Ice Magic


You had 4 spell levels left.
You knew the following spells:

 Your Spells              Type           Power        Failure   Level
a - Freeze                Ice            100%         1%          1
b - Frozen Ramparts       Ice            78%          1%          3
c - Summon Ice Beast      Ice/Summ       34%          4%          4
d - Hailstorm             Conj/Ice       23%          16%         4

Your spell library contained the following spells:

 Spells                   Type           Power        Failure   Level
 Sandblast                Erth           6%           14%         1
 Ozocubu's Armour         Ice            39%          1%          3


Dungeon Overview and Level Annotations

Branches:
Dungeon (7/15)             Temple (1/1) D:4

Altars:
Ashenzari
Cheibriados
Dithmenos
Elyvilon
Fedhas
Gozag
Hepliaklqana
Kikubaaqudgha
Makhleb
Nemelex Xobeh
Okawaru
Qazlal
Ru
Sif Muna
Trog
Uskayaw
Vehumet
Wu Jian
Xom
Yredelemnul
Zin
The Shining One


Innate Abilities, Weirdness & Mutations

You cannot be hasted, slowed, berserked, paralysed or teleported.
You can dig through walls and to a lower floor.
Your four strong arms can wield two-handed weapons with a shield.
You have a pair of large antennae on your head. (SInv)


Message History

The orc wizard casts a spell at you. The magic dart hits you!
Found 9 gold pieces, a tubular ruby ring and a shiny ring mail.
The orc wizard mumbles some strange words.
The orc wizard blinks!
You extend your mandibles.
You dig through the rock wall.
You dig through the rock wall.
You dig through the rock wall.
You dig through the rock wall.
Found 34 gold pieces.
Found a stone staircase leading up.
You retract your mandibles.
Casting: Freeze (safe; 1% risk of failure)
Confirm with . or Enter, or press ? or * to list all spells.
Casting: Frozen Ramparts (safe; 1% risk of failure)
Press: ? - help, Dir - look around, f - activate The walls around you are covered in ice.
The wall freezes the orc wizard. x2
The orc wizard hits you with a +0 dagger.
Casting: Frozen Ramparts (safe; 1% risk of failure)
Confirm with . or Enter, or press ? or * to list all spells.
A chill wind blows around you.
The wall freezes the orc wizard.
The orc wizard hits you but does no damage.
Casting: Summon Ice Beast (dangerous; 4% risk of failure)
Confirm with . or Enter, or press ? or * to list all spells.
You don't have enough magic to cast that spell.
You closely miss the orc wizard.
The orc wizard is severely wounded.
The wall freezes the orc wizard.
The orc wizard hits you but does no damage.
The wall freezes the orc wizard.
The orc wizard closely misses you.
The wall freezes the orc wizard.
You kill the orc wizard!
Vehumet accepts your kill.
You feel your power returning. What are your orders? t - Shout!
Orders for allies: a - Attack new target. r - Retreat! s - Stop attacking. g - Guard the area. f - Follow me.
Anything else - Cancel.
You shout for attention!
You hear a shout!
What are your orders? t - Shout!
Orders for allies: a - Attack new target. r - Retreat! s - Stop attacking. g - Guard the area. f - Follow me.
Anything else - Cancel.
You shout for attention!
What are your orders? t - Shout!
Orders for allies: a - Attack new target. r - Retreat! s - Stop attacking. g - Guard the area. f - Follow me.
Anything else - Cancel.
Okay, then.
The frozen ramparts melt away.
The orc barely misses your ice beast.
The orc completely misses your ice beast.
Something hits your ice beast!
Things that are here:
a +0 dagger; a +0 robe; an orc corpse
Casting: Summon Ice Beast (dangerous; 4% risk of failure)
Confirm with . or Enter, or press ? or * to list all spells.
A chill wind blows around you.
The orc warrior shouts!
You hear a shout!
The orc warrior throws a stone.
The stone hits you!
Something hits your ice beast but does no damage.
You swap places.
The orc warrior throws a stone.
The stone closely misses your ice beast.
The stone hits you!
* * * LOW HITPOINT WARNING * * *
You see here a stone.
What are your orders? t - Shout!
Orders for allies: a - Attack new target. r - Retreat! s - Stop attacking. g - Guard the area. f - Follow me.
Anything else - Cancel.
Gang up on whom?
Press: ? - help, Dir - move target, f - orc warrior
Aim: an orc warrior, wielding a +0 long sword, wearing a cursed +0 chain mail and quivering 17 stones Attack!
Your ice beast misses the orc warrior.
Unknown command.
Something hits your ice beast.
The orc warrior throws a stone.
The stone hits your ice beast!
Your ice beast hits the orc warrior but does no damage.
Your ice beast barely misses the orc warrior.
Something hits your ice beast.
The orc warrior throws a stone.
The stone closely misses your ice beast.
The stone closely misses you.
Your ice beast hits the orc warrior.
Your ice beast freezes the orc warrior!
Your ice beast hits the orc warrior but does no damage.
Casting: Summon Ice Beast (dangerous; 4% risk of failure)
Confirm with . or Enter, or press ? or * to list all spells.
You don't have enough magic to cast that spell.
Unknown command.
Something hits your ice beast.
The orc warrior throws a stone.
The stone closely misses your ice beast.
The stone hits you.
You die...

...# # #. ###{#
=..# # #.
#{##...#
.##..###......#
..
.=...$........#
...
....[.#.###...#
#.. .....
##{##...# ..
...... ##{#...#
.
.......#Y##...#
.
.......oY(@(###
........<...#
######.....#
##....# #.$..#
#...$# #....#
#....#


You could see an orc warrior and 2 friendly ice beasts.

Vanquished Creatures
  Pikel (D:4)
  The ghost of Karim the Chopper, an amateur HOFi (D:3)
  Sigmund (D:3)
  An orc warrior (D:7)
  A sky beast (D:7)
  A centaur (D:6)
  A bullfrog (D:3)
  2 scorpions
  4 crimson imps (D:3)
  3 orc priests
  2 orc wizards
  2 iguanas
  Terence (D:2)
  2 worker ants
  3 gnolls (D:2)
  7 adders
  An ooze (D:7)
  An adder skeleton (D:4)
  3 worms
  A dart slug (D:1)
  3 leopard geckos
  13 orcs
  12 bats
  7 giant cockroaches
  4 goblins
  5 hobgoblins
  7 jackals
  4 quokkas
  2 ball pythons
  2 frilled lizards
  8 kobolds
  5 rats
111 creatures vanquished.

Vanquished Creatures (collateral kills)
  Grinder (D:5)
  Duvessa (D:5)
  A black bear (D:7)
  2 bullfrogs (D:7)
  Dowan (D:5)
  A centaur zombie (D:5)
  2 white imps
  An ufetubus (D:5)
  A leopard gecko (D:5)
  A giant cockroach (D:7)
12 creatures vanquished.

Grand Total: 123 creatures vanquished

Notes
Turn   | Place    | Note
-------+----------+-------------------------------------------
     0 | D:1      | EnegeticOcto the Formicid Ice Elementalist began the quest
                  | for the Orb.
     0 | D:1      | Reached XP level 1. HP: 13/13 MP: 3/3
   118 | D:1      | Reached XP level 2. HP: 10/19 MP: 1/5
   227 | D:1      | Reached XP level 3. HP: 16/24 MP: 0/6
   234 | D:1      | Learned a level 3 spell: Frozen Ramparts
   279 | D:1      | Reached skill level 5 in Ice Magic
   466 | D:2      | Noticed Terence
   470 | D:2      | Killed Terence
   471 | D:2      | Reached XP level 4. HP: 25/30 MP: 0/7
   614 | D:2      | Reached skill level 6 in Ice Magic
   614 | D:2      | Reached XP level 5. HP: 15/35 MP: 3/8
   630 | D:2      | Learned a level 4 spell: Summon Ice Beast
   673 | D:1      | You fall into a shaft and drop 1 floor!
   937 | D:3      | Reached skill level 1 in Summonings
   994 | D:3      | Found a shimmering altar of Xom.
  1002 | D:3      | Reached XP level 6. HP: 22/41 MP: 5/10
  1005 | D:3      | Reached skill level 3 in Spellcasting
  1006 | D:3      | Reached skill level 2 in Summonings
  1126 | D:3      | Noticed Sigmund
  1128 | D:3      | Found a runed translucent door.
  1148 | D:3      | Killed Sigmund
  1149 | D:3      | Reached XP level 7. HP: 27/46 MP: 4/12
  1163 | D:3      | Noticed Karim's ghost (amateur HOFi)
  1168 | D:3      | Reached skill level 4 in Spellcasting
  1168 | D:3      | Reached skill level 3 in Summonings
  1168 | D:3      | Reached skill level 7 in Ice Magic
  1183 | D:3      | Killed Karim's ghost
  1184 | D:3      | Reached skill level 5 in Summonings
  1184 | D:3      | Reached XP level 8. HP: 11/52 MP: 2/14
  1219 | D:3      | Found a runed translucent door.
  1360 | D:4      | Found a staircase to the Ecumenical Temple.
  1367 | Temple   | Entered the Ecumenical Temple
  1417 | Temple   | Became a worshipper of Vehumet
  1610 | D:4      | Found a shadowy altar of Dithmenos.
  1613 | D:4      | Noticed Pikel
  1622 | D:4      | Killed Pikel
  1623 | D:4      | Reached skill level 6 in Summonings
  1877 | D:5      | Entered Level 5 of the Dungeon
  1905 | D:5      | Found a white marble altar of Elyvilon.
  1986 | D:5      | Reached skill level 8 in Ice Magic
  1986 | D:5      | Reached XP level 9. HP: 43/57 MP: 11/15
  2043 | D:5      | Noticed Dowan
  2043 | D:5      | Noticed Duvessa
  2049 | D:5      | Killed Duvessa
  2050 | D:5      | Reached skill level 7 in Summonings
  2062 | D:5      | Killed Dowan
  2104 | D:5      | Reached * piety under Vehumet
  2104 | D:5      | Offered knowledge of Sandblast by Vehumet.
  2116 | D:5      | Noticed Grinder
  2143 | D:5      | Killed Grinder
  2144 | D:5      | Reached skill level 9 in Ice Magic
  2770 | D:7      | Reached skill level 10 in Ice Magic
  2773 | D:7      | Reached skill level 1 in Fighting
  2788 | D:7      | Learned a level 4 spell: Hailstorm
  2842 | D:7      | Hit by a stone thrown by an orc warrior

Illustrated notes

Levels and vault maps discovered:
D:1:      dpeg_arrival_water_temple_mockup, layout_basic
D:2:      layout_basic, uniq_terence
D:3:      layout_rooms, ebering_ghost_sewer_f, led_xom_imps, uniq_sigmund
D:4:      layout_basic, minmay_temple_entry_junction, minivault_11,
          nicolae_dithmenos_shadow_blocks, uniq_pikel
D:5:      layout_loops_ring, kennysheep_mini_moat, grunt_ministairs_13,
          uniq_duvessa, uniq_grinder
D:6:      layout_basic
D:7:      layout_rooms, basic_altar, uniq_joseph, uniq_crazy_yiuf_cottage
Temple:   compressed_dpeg_triangle_lava_temple

Skill      XL: |  1  2  3  4  5  6  7  8  9 |
---------------+----------------------------+-----
Ice Magic      | 5 6 7 8 10 | 10.0
Summonings     | 1 2 5 6 7 |  7.0
Spellcasting   | 3 4 |  4.2
Fighting       | 1 |  1.1
Dodging        | |  1.7
Stealth        | |  2.4
Conjurations   | |  0.9

Action                   |  1- 3 |  4- 6 |  7- 9 || total
-------------------------+-------+-------+-------++-------
Melee: Dagger            |    31 |    41 |       ||    72
       Hand axe          |       |    12 |     1 ||    13
       Unarmed           |       |       |    10 ||    10
       Scythe            |       |       |    28 ||    28
 Cast: Freeze            |    32 |    24 |    32 ||    88
       Frozen Ramparts   |     2 |    11 |    14 ||    27
       Summon Ice Beast  |       |       |    19 ||    19
 Abil: Dig               |    28 |    52 |   134 ||   214
Evoke: Wand              |       |       |     9 ||     9
  Use: Potion            |       |       |     1 ||     1
 Stab: Sleeping          |     3 |       |       ||     3
       Distracted        |       |       |     1 ||     1
Armor: Robe              |    16 |    18 |    17 ||    51
       Skin              |       |       |    20 ||    20
Dodge: Dodged            |    54 |    48 |    46 ||   148
